 Dungeon Crawl Stone Soup version 0.31-a0-466-g98c9adc2b6 (webtiles) character file.

Game seed: 14346876224324140594

121 Zonian the Ruffian (level 5, -6/35 HPs)
             Began as an Octopode Shapeshifter on Aug 4, 2023.
             Was a Believer of Uskayaw.
             Mangled by Pargi (8 damage)
             ... in a sewer on Aug 5, 2023.
             The game lasted 00:03:21 (2103 turns).

Zonian the Ruffian (Octopode Shapeshifter)          Turns: 2103, Time: 00:03:22

Health: -6/35      AC:  1    Str: 16    XL:     5   Next: 5%
Magic:  5/5        EV: 13    Int: 17    God:    Uskayaw [**....]
Gold:   145        SH:  0    Dex: 12    Spells: 4/4 levels left

rFire   . .          .
                       - Unarmed
rCold   . . .        (no shield)
rNeg    . . .        (helmet currently unavailable)
rPois   +            (no amulet)
rElec   .            d - ring of poison resistance
rCorr   .            j - +6 ring of intelligence
SInv    .            (no ring)
Will    .....        (no ring)
Stlth   ++           (no ring)
HPRegen 0.25/turn    (no ring)
MPRegen 0.09/turn    (no ring)
                     (no ring)

%: no passive effects
@: beast-form
A: beast (slay +2), almost no armour, amphibious, 8 rings, camouflage 1,
gelatinous body 1, (nimble swimmer 1), tentacles
a: Begin Untransformation, Renounce Religion, Stomp, Line Pass


You were in a sewer.
You worshipped Uskayaw.
Uskayaw was noncommittal.
You were a hulking beast.
You visited 1 branch of the dungeon, and saw 3 of its levels.
You also visited: Sewer.

You collected 145 gold pieces.

Inventory:

Jewellery
 d - a ring of poison resistance (left tentacle)
 j - a +6 ring of intelligence (right tentacle)
 u - a ring of flight
Talismans
 b - a beast talisman (active)
Scrolls
 c - a scroll of revelation {unknown}
 e - a scroll of enchant weapon {unknown}
 f - 3 scrolls of fog {unknown}
 g - 3 scrolls of identify
 h - a scroll of fear {unknown}
 i - a scroll of enchant armour {unknown}
 l - a scroll of teleportation {unknown}
 m - a scroll of poison {unknown}
 o - a scroll of noise {unknown}
 r - a scroll of torment {unknown}
Potions
 a - a potion of lignification
 k - a potion of haste {unknown}
 n - 3 potions of might
 p - a potion of attraction {unknown}
 q - a potion of heal wounds {unknown}
 s - a potion of invisibility {unknown}
 t - a potion of magic {unknown}
 v - a potion of brilliance {unknown}


   Skills:
 + Level 2.3 Fighting
 + Level 3.0 Dodging
 + Level 3.7 Unarmed Combat
 + Level 3.5 Shapeshifting


You had 4 spell levels left.
You didn't know any spells.
Your spell library was empty.

Dungeon Overview and Level Annotations

Branches:
Dungeon (3/15)              Sewer (1/1)

Altars:
Uskayaw

Annotations:
Sewer Pargi


Innate Abilities, Weirdness & Mutations

You are a hulking beast.
Your limbs bulge with bestial killing power. (Slay +2)
You cannot wear most types of armour.
You are amphibious.
You can wear up to eight rings at the same time.
Your skin changes colour to match your surroundings (Stealth+).
Your rubbery body absorbs attacks. (AC +1, EV +1)
((You are camouflaged when in or above water. (Stealth+)))
You have tentacles for arms and can constrict up to eight enemies at once.


Message History

Things that are here:
a +0 club; a kobold corpse
There is an open door here.
You enter the shallow water.
As you open the door, it creaks loudly!
You open the door.
Pargi the Meek comes into view.
Pargi is nearby!
Pargi shouts!
Pargi closely misses you. Pargi claws you. Pargi misses you.
There is an open door, spattered with blood here.
You closely miss Pargi. Your squeeze misses Pargi. You barely miss Pargi.
Pargi closely misses you. Pargi claws you. x2
You tentacle-slap Pargi. You squeeze Pargi!
Pargi is moderately wounded.
Pargi bites you! Pargi closely misses you. Pargi claws you but does no damage.
Unknown command.
You bludgeon Pargi! Your squeeze misses Pargi.
Pargi is heavily wounded.
Pargi bites you. Pargi barely misses you. Pargi claws you.
You can now pass through a line of other dancers.
Unknown command.
You bludgeon Pargi! Your squeeze misses Pargi.
Pargi is severely wounded.
Pargi misses you. Pargi claws you. Pargi claws you but does no damage.
You tentacle-slap Pargi.
Pargi is severely wounded.
Pargi pleads, "Don't hit me!"
Pargi bites you!
* * * LOW HITPOINT WARNING * * *
Pargi claws you.
* * * LOW HITPOINT WARNING * * *
Pargi barely misses you.
You closely miss Pargi. You squeeze Pargi.
Pargi is severely wounded.
Pargi barely misses you. Pargi completely misses you. Pargi barely misses you.
You tentacle-slap Pargi. You squeeze Pargi, but do no damage.
Pargi is severely wounded.
Pargi bites you!
You die...

###### ############ #.##.#
#.##.##.##.# #.##T#
#)##.##)##†#
#'##h##+##'##†##'##'#
#######...................#
~~~~~~#~~~~~~~~~.~~~~~~~~~#
≈≈≈≈≈≈#≈≈≈≈≈≈≈≈≈∩≈≈≈≈≈≈≈≈≈#
~~~~~~#~~~~~~~~~.~~~~~~~~~#
#######...................#
#'##'##'##.##'##)##'#
#)##†##.##.##.##.##.#
#.##[##.##∩##.##.##.#


You could see Pargi.

Vanquished Creatures
  Jessica (D:2)
  5 adders
  3 worms
  3 dart slugs
  3 ball pythons
  3 endoplasms (D:2)
  2 giant cockroaches
  2 goblins
  2 hobgoblins
  2 quokkas (D:1)
  3 bats
  3 frilled lizards
  4 kobolds (Sewer)
  6 rats
42 creatures vanquished.

Notes
Turn   | Place    | Note
-------+----------+-------------------------------------------
     0 | D:1      | Zonian the Octopode Shapeshifter began the quest for the
                  | Orb.
     0 | D:1      | Reached XP level 1. HP: 13/13 MP: 1/1
   197 | D:1      | Found a faded altar of an unknown god.
   294 | D:1      | Reached XP level 2. HP: 11/18 MP: 2/2
   828 | D:2      | Reached XP level 3. HP: 18/23 MP: 3/3
   855 | D:1      | Upgraded the game from 0.31-a0-455-g1a7b003ef0 to
                  | 0.31-a0-466-g98c9adc2b6
   855 | D:1      | Prayed at the altar of an unknown god.
   855 | D:1      | Became a worshipper of Uskayaw the Reveller
   855 | D:1      | Reached * piety under Uskayaw
   925 | D:2      | Reached ** piety under Uskayaw
  1585 | D:2      | Noticed Jessica
  1588 | D:2      | Killed Jessica
  1589 | D:2      | Reached XP level 4. HP: 29/29 MP: 4/4
  1884 | D:3      | Found a glowing drain.
  1900 | Sewer    | Entered a sewer
  2005 | Sewer    | Reached XP level 5. HP: 26/35 MP: 5/5
  2094 | Sewer    | Noticed Pargi
  2101 | Sewer    | HP: 1/35 [Pargi (3)]
  2103 | Sewer    | Mangled by Pargi

Illustrated notes

Levels and vault maps discovered:
D:1:      eino_arrival_cavern_c, layout_basic, ebering_ecumenical_altar_box,
          st_stairs_3
D:2:      layout_loops_corners, nrook_loot_triangle, chequers_hall_statues_y,
          supply_closet_lemuel, uniq_jessica
D:3:      layout_basic, cheibrodos_sewer_entry_sluice, hex_medium
Sewer:    kennysheep_door_sewer

Skill      XL: |  1  2  3  4 |
---------------+-------------+-----
Fighting       | 2 |  2.3
Dodging        | 3 |  3.0
Unarmed Combat | |  3.7
Shapeshifting  | |  3.5

Action                     |  1- 3 |  4- 6 || total
---------------------------+-------+-------++-------
  Melee: Unarmed           |    47 |    36 ||    83
         Tentacles         |    11 |     9 ||    20
         Constrict         |    11 |     8 ||    19
         Punch             |     2 |     1 ||     3
    Use: Scroll            |       |     1 ||     1
   Stab: Sleeping          |     8 |     3 ||    11
 Armour: Skin              |     3 |     4 ||     7
  Dodge: Dodged            |    21 |    24 ||    45

Table legend: (Time is in decaauts)
 A = Elapsed time spent in this place.
 B = Non-inter-level travel time spent in this place.
 C = Inter-level travel time spent in this place.
 D = Time resting spent in this place.
 E = Time spent auto-exploring this place.
 F = Levels seen in this place.
 G = Mean time per level.
                   A        B        C        D        E       F      G
               +--------+--------+--------+--------+--------+-----+--------+
         Total |   2097 |   1982 |    115 |      0 |   1672 |   4 |  524.2 |
       Dungeon |   1896 |   1781 |    115 |      0 |   1516 |   3 |  632.0 |
         Sewer |    201 |    201 |      0 |      0 |    156 |   1 |  201.0 |
               +--------+--------+--------+--------+--------+-----+--------+

Top non-repeatable levels by time:
     D:2: 953 daAuts
     D:1: 852 daAuts
   Sewer: 201 daAuts
     D:3: 90 daAuts
